Map: Orbitalwerft

Players

fragleader

  • Race: Protoss Protoss
  • League: Silver

Quantum - Winner!

  • Race: Protoss Protoss
  • League: Gold

VOD

Have the link to the VOD?

Description

Time

  • Played on: Dec. 13, 2015, 10:22 a.m.
  • Length: 13:09
Show
View Real Time Build Order
Export as new Build Order

fragleader Protoss 

Build Orders:  

Get SALT Encoding   

  12  0:01  Probe (Chrono Boost)  
  13  0:12  Probe (Chrono Boost)  
  14  0:18  Pylon  
  14  0:25  Probe (Chrono Boost)  
  15  0:36  Probe (Chrono Boost)  
  15  0:42  Gateway  
  16  0:47  Probe (Chrono Boost)  
  17  0:50  Assimilator  
  17  0:57  Probe (Chrono Boost)  
  18  1:08  Probe (Chrono Boost)  
  19  1:12  Gateway  
  19  1:32  Forge  
  19  1:33  Zealot  
  19  1:36  Pylon  
  21  1:40  Probe (Chrono Boost)  
  22  1:54  Probe (Chrono Boost)  
  23  2:06  Probe (Chrono Boost)  
  23  2:07  Zealot  
  26  2:08  Zealot  
  26  2:14  Cybernetics Core  
  28  2:16  Probe (Chrono Boost)  
  28  2:18  Assimilator  
  29  2:25  Protoss Ground Weapons Level 1 (Chrono Boost)  
  29  2:29  Probe  
  30  2:51  Probe, Pylon  
  30  2:56  Warp Gate (Chrono Boost)  
  31  3:04  Pylon  
  31  3:09  Adept, Zealot  
  35  3:17  Probe  
  35  3:30  Probe  
  35  3:32  Nexus  
  36  3:41  Pylon  
  36  3:45  Probe  
  37  3:51  Sentry  
  39  3:58  Mothership Core  
  39  4:02  Stalker  
  43  4:13  Pylon  
  43  4:19  Stalker, Probe  
  46  4:26  Protoss Ground Armor Level 1  
  46  4:31  Probe  
  47  4:58  Probe x2  
  49  5:08  Probe  
  49  5:10  Probe  
  51  5:16  Robotics Facility  
  51  5:17  Gateway  
  51  5:19  Stalker, Probe, Gateway  
  54  5:21  Zealot  
  54  5:23  Probe  
  57  5:31  Probe  
  57  5:33  Pylon  
  57  5:35  Probe  
  59  5:43  Probe  
  59  5:46  Stalker x2  
  59  5:47  Probe  
  65  5:54  Probe  
  66  5:57  Assimilator  
  66  5:59  Probe  
  66  6:02  Assimilator  
  66  6:03  Pylon  
  65  6:34  Probe  
  65  6:35  Probe  
  67  6:44  Stalker  
  67  6:45  Stalker  
  71  6:51  Immortal  
  75  6:58  Probe  
  75  6:59  Probe  
  75  7:00  Twilight Council  
  77  7:02  Forge  
  77  7:08  Probe  
  77  7:11  Probe  
  79  7:17  Stalker x2, Sentry  
  85  7:26  Nexus, Pylon  
  85  7:29  Pylon  
  85  7:31  Observer  
  85  7:35  Pylon  
  85  7:36  Pylon  
  86  7:39  Assimilator  
  86  7:43  Probe  
  86  7:44  Probe, Pylon  
  86  7:45  Assimilator  
  88  7:54  Stalker  
  88  7:55  Stalker, Sentry  
  88  7:56  Zealot  
  88  7:57  Pylon  
  94  8:17  Warp Prism  
  96  8:23  Zealot x4  
  104  8:27  Protoss Ground Weapons Level 2 (Chrono Boost)  
  102  8:47  Probe  
  102  8:48  Probe  
  102  8:49  Probe  
  105  8:58  Probe x2  
  105  9:01  Probe  
  108  9:05  Stalker x3  
  108  9:08  Blink  
  114  9:10  Immortal  
  114  9:16  Probe x2  
  118  9:17  Probe  
  121  9:25  Stalker  
  121  9:26  Probe  
  121  9:27  Probe, Protoss Ground Armor Level 2 (Chrono Boost)  
  121  9:29  Probe  
  124  9:32  Stalker x2  
  124  9:33  Stalker  
  109  10:15  Stalker x2  
  109  10:16  Stalker  
  115  10:36  Stalker  
  115  10:41  Nexus  
  107  11:11  Probe  
  107  11:12  Probe  
  109  11:24  Stalker  
  111  11:58  Probe x2  
  111  11:59  Probe  
  114  12:15  Sentry  
  114  12:16  Sentry  
  114  12:21  Immortal  
  122  12:26  Nexus  
  122  12:28  Pylon  
  122  12:36  Assimilator  
  122  12:39  Zealot x2  
  122  12:42  Assimilator  
  120  12:44  Pylon  
Show
View Real Time Build Order
Export as new Build Order

Quantum Protoss - Winner!

Build Orders: Nexus First 

Get SALT Encoding   

  12  0:01  Probe (Chrono Boost)  
  13  0:11  Probe (Chrono Boost)  
  14  0:18  Pylon  
  14  0:22  Probe (Chrono Boost)  
  15  0:36  Probe (Chrono Boost)  
  16  0:46  Probe (Chrono Boost)  
  18  0:57  Probe (Chrono Boost)  
  18  1:01  Nexus  
  18  1:11  Gateway  
  18  1:18  Assimilator  
  18  1:19  Probe (Chrono Boost)  
  19  1:30  Probe (Chrono Boost), Pylon  
  20  1:45  Probe (Chrono Boost)  
  20  1:46  Gateway  
  21  1:55  Probe (Chrono Boost)  
  21  2:00  Cybernetics Core  
  22  2:02  Assimilator  
  22  2:06  Probe (Chrono Boost)  
  23  2:16  Probe (Chrono Boost)  
  24  2:37  Stalker  
  24  2:40  Stalker  
  27  2:51  Probe x2 (Chrono Boost)  
  27  2:55  Pylon  
  27  2:56  Warp Gate  
  29  3:02  Probe (Chrono Boost)  
  30  3:08  Stalker  
  34  3:13  Mothership Core (Chrono Boost)  
  34  3:18  Stalker  
  34  3:19  Probe (Chrono Boost)  
  37  3:21  Pylon  
  37  3:29  Probe (Chrono Boost)  
  37  3:31  Probe (Chrono Boost)  
  39  3:38  Stalker  
  39  3:39  Assimilator  
  39  3:40  Probe (Chrono Boost)  
  42  3:42  Probe (Chrono Boost)  
  43  3:51  Probe (Chrono Boost)  
  43  3:52  Probe (Chrono Boost), Robotics Facility  
  45  4:01  Probe (Chrono Boost)  
  47  4:03  Probe (Chrono Boost)  
  47  4:12  Probe (Chrono Boost)  
  47  4:13  Probe (Chrono Boost)  
  47  4:16  Forge  
  49  4:20  Pylon  
  49  4:22  Probe (Chrono Boost)  
  49  4:24  Probe (Chrono Boost)  
  51  4:33  Probe (Chrono Boost)  
  51  4:34  Probe (Chrono Boost)  
  53  4:43  Probe (Chrono Boost)  
  54  4:51  Immortal  
  54  4:53  Probe (Chrono Boost)  
  54  4:54  Assimilator  
  54  4:55  Protoss Ground Weapons Level 1  
  54  4:58  Probe (Chrono Boost)  
  54  4:59  Twilight Council  
  56  5:04  Probe (Chrono Boost)  
  57  5:08  Probe (Chrono Boost), Pylon  
  58  5:17  Probe (Chrono Boost)  
  58  5:20  Nexus  
  59  5:23  Probe (Chrono Boost)  
  60  5:30  Probe (Chrono Boost), Immortal  
  60  5:35  Stalker x2  
  69  5:37  Probe (Chrono Boost)  
  69  5:41  Pylon  
  69  5:42  Probe (Chrono Boost)  
  71  5:43  Pylon  
  71  5:45  Blink (Chrono Boost)  
  71  5:50  Probe (Chrono Boost)  
  71  5:53  Probe (Chrono Boost)  
  73  6:01  Probe (Chrono Boost)  
  74  6:06  Gateway  
  74  6:08  Gateway  
  74  6:09  Immortal  
  78  6:17  Gateway  
  78  6:32  Stalker  
  78  6:33  Stalker  
  82  6:52  Pylon  
  82  6:53  Pylon  
  82  6:54  Gateway  
  82  6:55  Pylon  
  82  6:56  Gateway  
  82  6:59  Gateway  
  82  7:09  Pylon, Protoss Ground Weapons Level 2  
  82  7:12  Nexus  
  82  7:15  Robotics Bay  
  82  7:18  Pylon  
  82  7:20  Probe  
  83  7:23  Warp Prism  
  83  7:28  Stalker x2  
  89  7:41  Probe  
  89  7:43  Pylon  
  89  7:44  Pylon  
  90  7:47  Stalker x2  
  90  7:50  Probe  
  95  7:59  Probe  
  94  8:12  Adept x3  
  100  8:15  Adept  
  100  8:18  Disruptor  
  105  8:23  Probe x3  
  105  8:26  Robotics Facility  
  108  8:29  Assimilator  
  108  8:33  Probe, Assimilator  
  108  8:35  Probe  
  108  8:48  Stalker x5  
  110  8:54  Probe x2  
  117  8:55  Probe  
  117  8:56  Disruptor  
  122  9:04  Probe  
  122  9:05  Probe  
  122  9:07  Probe  
  125  9:11  Pylon  
  125  9:13  Pylon  
  125  9:15  Probe  
  125  9:16  Disruptor  
  129  9:20  Probe  
  130  9:32  Adept x5  
  136  9:48  Probe x2  
  136  9:49  Probe  
  127  10:20  Stalker x4  
  138  10:39  Colossus (Chrono Boost)  
  138  10:41  Stalker  
  133  10:51  Pylon  
  133  10:56  Disruptor (Chrono Boost)  
  131  11:04  Stalker x6  
  135  11:05  Probe  
  135  11:06  Probe  
  135  11:07  Probe  
  146  11:19  Probe  
  147  11:26  Probe  
  147  11:31  Disruptor (Chrono Boost)  
  151  11:33  Disruptor (Chrono Boost)  
  151  11:35  Pylon  
  151  11:37  Pylon  
  154  11:48  Stalker  
  154  11:50  Nexus  
  154  11:52  Pylon  
  154  11:54  Pylon  
  156  11:55  Pylon  
  156  11:56  Pylon  
  156  11:58  Pylon  
  156  11:59  Pylon  
  156  12:01  Pylon  
  154  12:03  Warp Prism (Chrono Boost)  
  154  12:04  Disruptor (Chrono Boost)  
  159  12:14  Stalker x2, Photon Cannon x2  
  159  12:15  Stalker x5  
  173  12:34  Disruptor (Chrono Boost)  
  173  12:36  Pylon  
  176  12:37  Pylon  
  176  12:39  Probe  
  176  12:41  Probe, Pylon  
  150  12:58  Stalker x2  
  150  12:59  Stalker x6  
Tags
 
Add a new tag
Caveats
  • Supply blocks, unpowered buildings, or Contaminate may cause inaccurate times.
  • Supply counts are checked every 10 seconds.